 Dungeon Crawl Stone Soup version 0.29-a0-370-gb5314be063 (webtiles) character file.

Game seed: 6813099919492500669

133 Colgate the Sneak (level 5, -1/30 HPs)
             Began as a Kobold Brigand on May 2, 2022.
             Was a Follower of Ru.
             Slain by Robin
             ... wielding a +0 dagger of venom
              (6 damage)
             ... on level 3 of the Dungeon.
             The game lasted 00:06:47 (2895 turns).

Colgate the Sneak (Kobold Brigand)                  Turns: 2895, Time: 00:06:48

Health: -1/30      AC:  5    Str:  8    XL:     5   Next: 39%
Magic:  8/8        EV: 14    Int: 14    God:    Ru [*.....]
Gold:   69         SH:  0    Dex: 17    Spells: 5/8 levels left

rFire   . . .      SeeInvis .   a - +2 dagger
rCold   . . .      Faith    .   (no shield)
rNeg    . . .      Spirit   .   b - +0 robe
rPois   .          Reflect  .   g - +0 helmet
rElec   .          Harm     .   c - +0 cloak
rCorr   +          Rampage  .   l - +0 pair of gloves
Will    .....                   (no boots)
Stlth   ++++......              (no amulet)
HPRegen 0.10/turn               n - ring of resist corrosion
MPRegen 0.11/turn               (no ring)

@: lethally poisoned (-1 -> -16)
A: small, no large weapons, nightstalker 3, inability to train armour
a: Renounce Religion


You were on level 3 of the Dungeon.
You worshipped Ru.
Ru was aware of your devotion.
You visited 1 branch of the dungeon, and saw 3 of its levels.

You collected 69 gold pieces.

Inventory:

Hand Weapons
 a - a +2 dagger (weapon)
Missiles
 d - 9 poisoned darts (quivered)
 e - 3 curare-tipped darts
Armour
 b - a +0 robe (worn)
 c - a +0 cloak (worn)
 g - a +0 helmet (worn)
 l - a +0 pair of gloves (worn)
Jewellery
 n - a ring of resist corrosion (left hand)
Scrolls
 f - a scroll of identify {unknown}
 j - a scroll of vulnerability {unknown}
 k - a scroll of blinking {unknown}
 r - a scroll of teleportation {unknown}
Potions
 h - 4 potions of curing {unknown}
 i - a potion of might {@q3}
 m - a potion of brilliance {unknown}
 o - a potion of cancellation {unknown}
 p - a potion of heal wounds {unknown}
 q - a potion of ambrosia {unknown}


   Skills:
 - Level 2.1 Fighting
 - Level 3.6 Short Blades
 - Level 2.1 Throwing
 - Level 1.2 Dodging
 - Level 5.3 Stealth
 - Level 2.0 Spellcasting
 + Level 3.2 Transmutations
 - Level 1.0 Air Magic


You had 5 spell levels left.
You knew the following spells:

 Your Spells              Type           Power      Damage    Failure   Level
a - Spider Form           Tmut/Pois      5%         N/A       36%         3

Your spell library contained the following spells:

 Spells                   Type           Power      Damage    Failure   Level
 Ensorcelled Hibernation  Hex/Ice        2%         N/A       34%         2
 Summon Lightning Spire   Summ/Air       2%         N/A       88%         4
 Anguish                  Hex/Necr       0%         N/A       93%         4
 Storm Form               Tmut/Air       3%         N/A       100%        7
 Maxwell's Capacitive Co  Air            2%         ∞         100%        8


Dungeon Overview and Level Annotations

Branches:
Dungeon (3/15)

Altars:
Cheibriados
Ru

Annotations:
D:3 Robin


Innate Abilities, Weirdness & Mutations

You are small and have problems with some larger weapons.
You are completely attuned to the shadows.
You cannot train Armour skill.


Message History

Items here: )))) ††.
There are monsters nearby!
A goblin comes into view. It is wielding a +0 club.
Robin shouts!
The hobgoblin shouts!
You hit Robin.
You hear a shout!
Robin roars a battlecry!
The goblins go into a battle-frenzy!
You hit Robin but do no damage. Robin closely misses you.
You completely miss Robin. You punch Robin. Robin hits you but does no damage.
You are poisoned.
A hobgoblin comes into view.
You hit Robin.
You feel sick.
Robin roars a battlecry!
The hobgoblins go into a battle-frenzy!
You hit Robin but do no damage.
You feel sick.
You barely miss Robin.
You feel sick.
Robin drinks a potion.
Robin seems to grow stronger.
You barely miss Robin.
You feel sick. Robin throws the goblin at you! The goblin barely misses you.
You completely miss Robin. The goblin hits you but does no damage.
You hit Robin but do no damage.
You feel sick. The goblin hits you with a +0 dagger.
You hit Robin.
You feel sick. Robin hits you but does no damage.
You are more poisoned.
The goblin hits you but does no damage.
You closely miss Robin.
You feel very sick.
You barely miss Robin.
You feel sick. Robin closely misses you. The goblin hits you with a +0 dagger.
You hit Robin but do no damage.
You feel sick. Robin hits you but does no damage.
You are lethally poisoned!
The goblin hits you with a +0 dagger.
* * * LOW HITPOINT WARNING * * *
You hit Robin.
* * * LOW HITPOINT WARNING * * *
You feel very sick.
Robin hits you with a +0 dagger of venom.
You die...

#####.###.# ...##.#
#.# ##.##.# #.#
#.##.# #.. #.##.# .#
#.##.# ... #.##.#
#.#.
#.##.############g...
#.##......)...g@ggg#.
#.##..###########g...
##.....# #..#
.......# ..#
.##################
.# .# #...........#
.# #.#########.#..#
.# #.# ##.#..# .# #.#
######.....###


You could see Robin (strong), 3 hobgoblins and 2 goblins.

Vanquished Creatures
  An orc wizard (D:3)
  3 adders
  4 worms
  A dart slug (D:2)
  2 orcs (D:3)
  4 endoplasms
  A giant cockroach (D:1)
  10 hobgoblins
  3 kobolds
  4 ball pythons
  7 bats
  6 frilled lizards
  12 goblins
  5 rats
  A spectral goblin (D:1)
64 creatures vanquished.

Vanquished Creatures (others)
  A dart slug (D:2)
1 creature vanquished.

Grand Total: 65 creatures vanquished

Notes
Turn   | Place    | Note
-------+----------+-------------------------------------------
     0 | D:1      | Colgate the Kobold Brigand began the quest for the Orb.
     0 | D:1      | Reached XP level 1. HP: 12/12 MP: 1/1
   212 | D:1      | Reached XP level 2. HP: 17/17 MP: 2/2
   291 | D:1      | Found a faded altar of an unknown god.
   297 | D:1      | Prayed at the altar of an unknown god.
   297 | D:1      | Became a worshipper of Ru the Awakened
   304 | D:1      | Gained mutation: You cannot train Armour skill. [Ru
                  | sacrifice]
   304 | D:1      | Reached * piety under Ru
   464 | D:1      | Reached skill level 1 in Air Magic
   867 | D:2      | Reached skill level 1 in Spellcasting
   867 | D:2      | Reached XP level 3. HP: 21/21 MP: 4/4
   956 | D:2      | Reached skill level 1 in Transmutations
  1264 | D:2      | Found a snail-covered altar of Cheibriados.
  1273 | D:2      | Reached XP level 4. HP: 26/26 MP: 5/5
  1733 | D:3      | Reached XP level 5. HP: 30/30 MP: 6/6
  2113 | D:3      | Learned a level 3 spell: Spider Form
  2800 | D:3      | Noticed Robin
  2895 | D:3      | Slain by Robin

Illustrated notes

Levels and vault maps discovered:
D:1:      saegor_arrival_fortress, layout_rooms,
          dreamdust_ecumenical_altar_drowned_temple
D:2:      layout_basic, basic_altar
D:3:      layout_loops_ring, mainiacjoe_overflow_six_doors_small, serial_glass,
          glass_columns_a, glass_columns_a, hangedman_feature_mirror,
          uniq_crazy_yiuf_cottage, uniq_robin

Skill      XL: |  1  2  3  4  5 |
---------------+----------------+-----
Short Blades   | 3 |  3.6
Air Magic      | 1 |  1.0
Spellcasting   | 1 2 |  2.0
Transmutations | 2 3 |  3.2
Fighting       | |  2.1
Throwing       | |  2.1
Dodging        | |  1.2
Stealth        | |  5.3

Action                   |  1- 3 |  4- 6 || total
-------------------------+-------+-------++-------
Melee: Dagger            |    59 |   119 ||   178
       Punch             |       |     2 ||     2
Invok: Sacrifice Durabil |     1 |       ||     1
 Stab: Sleeping          |    22 |    10 ||    32
Armor: Robe              |     1 |    17 ||    18
Dodge: Dodged            |    14 |    57 ||    71

Table legend: (Time is in decaauts)
 A = Elapsed time spent in this place.
 B = Non-inter-level travel time spent in this place.
 C = Inter-level travel time spent in this place.
 D = Time resting spent in this place.
 E = Time spent auto-exploring this place.
 F = Levels seen in this place.
 G = Mean time per level.
                   A        B        C        D        E       F      G
               +--------+--------+--------+--------+--------+-----+--------+
         Total |   2872 |   2810 |     62 |      0 |   2361 |   3 |  957.3 |
       Dungeon |   2872 |   2810 |     62 |      0 |   2361 |   3 |  957.3 |
               +--------+--------+--------+--------+--------+-----+--------+

Top non-repeatable levels by time:
     D:2: 1030 daAuts
     D:3: 1026 daAuts
     D:1: 815 daAuts
